 Dungeon Crawl Stone Soup version 0.21.1-1-g345015f (webtiles) character file.

696 prawnwizard the Sneak (level 7, -1/32 HPs)
             Began as a Spriggan Enchanter on June 30, 2018.
             Was an Initiate of Dithmenos.
             Killed by divine providence
             ... invoked by an orc priest
              (13 damage)
             ... on level 5 of the Dungeon.
             The game lasted 00:31:10 (4712 turns).

prawnwizard the Sneak (Spriggan Enchanter)          Turns: 4712, Time: 00:31:11

Health: -1/32      AC:  3    Str:  4    XL:     7   Next: 37%
Magic:  14/14      EV: 22    Int: 19    God:    Dithmenos [......]
Gold:   264        SH:  6    Dex: 25    Spells: 6/14 levels left

rFire    . . .     SeeInvis +   a - +2 dagger
rCold    . . .     Gourm    .   h - +0 buckler
rNeg     . . .     Faith    .   b - +0 robe
rPois    .         Spirit   .   (helmet restricted)
rElec    .         Reflect  .   i - +0 cloak
rCorr    .         Harm     .   (gloves unavailable)
MR       +....                  (boots unavailable)
Stlth    ++++......             (no amulet)
HPRegen  0.10/turn              l - +6 ring of dexterity
MPRegen  0.14/turn              m - +3 ring of dexterity

@: drained, very quick
A: very small, unfitting armour, see invisible, herbivore, speed 3, slow
metabolism 2
a: Renounce Religion


You were on level 5 of the Dungeon.
You worshipped Dithmenos.
Dithmenos was noncommittal.
You were not hungry.

You visited 1 branch of the dungeon, and saw 5 of its levels.

You collected 264 gold pieces.

Inventory:

Hand Weapons
 a - a +2 dagger (weapon)
 s - a +0 hunting sling
Missiles
 n - 147 stones (quivered)
 r - 6 needles of confusion
Armour
 b - a +0 robe (worn)
 h - a +0 buckler (worn)
 i - a +0 cloak (worn)
Jewellery
 l - a +6 ring of dexterity (left hand)
 m - a +3 ring of dexterity (right hand)
 u - an uncursed ring of positive energy
Scrolls
 e - 2 scrolls of teleportation
 f - 3 scrolls of remove curse
 k - a scroll of identify
 o - 2 scrolls of amnesia
 t - 3 scrolls of enchant weapon
 v - 2 scrolls of fog
 w - a scroll of blinking
Potions
 g - 2 potions of curing
 j - a potion of agility
 p - 2 potions of might
 q - a potion of brilliance
Books
 c - a book of Maledictions

   Spells                             Type                      Level
   a - Corona                         Hexes                        1
   b - Ensorcelled Hibernation        Hexes/Ice                    2
   c - Confuse                        Hexes                        3
   d - Tukima's Dance                 Hexes                        3
   e - Dazzling Spray                 Conjuration/Hexes            3
Comestibles
 d - 6 rations


   Skills:
 - Level 1.1(0.7) Short Blades
 + Level 5.9(5.6) Dodging
 + Level 7.5(7.1) Stealth
 - Level 4.4(4.1) Spellcasting
 * Level 7.3(7.0) Hexes


You had 6 spell levels left.
You knew the following spells:

 Your Spells              Type           Power        Failure   Level  Hunger
a - Dazzling Spray        Conj/Hex       ###...       16%         3    ###....
b - Ensorcelled Hibernat  Hex/Ice        ###...       9%          2    ##.....
c - Confuse               Hex            ####....     3%          3    ###....


Dungeon Overview and Level Annotations

Branches:
Dungeon (5/15)
 Temple: D:4-7

Altars:
Dithmenos
Fedhas
Kikubaaqudgha
Sif Muna


Innate Abilities, Weirdness & Mutations

You are very small and have problems with some larger weapons.
You are too small for most types of armour.
You have supernaturally acute eyesight. (SInv)
You are a herbivore.
You cover ground extremely quickly.
You need consume almost no food.


Message History

The orc priest miscasts a cantrip.
You hit the orc wizard but do no damage.
The orc wizard is heavily wounded.
The orc misses you. You block the orc wizard's attack.
Your shield prevents you from hitting the orc wizard.
The orc wizard is heavily wounded.
The orc barely misses you. The orc wizard barely misses you.
The orc priest calls upon Beogh to heal the orc.
The orc's wounds heal themselves!
You hit the orc wizard.
The orc wizard is severely wounded.
The orc hits you with a whip. You block the orc wizard's attack.
You closely miss the orc wizard.
The orc wizard is severely wounded.
You block the orc's attack.
The orc wizard casts a spell.
The orc wizard blinks!
The orc priest mumbles some strange prayers to Beogh against you.
Beogh smites you!
You die...

.<......# #.#
........# #.#
>....#### #.#
#....?..# #.#
........# #.#
........# #.#
...#...ยง# #.#
...#...o######.#######
...#....o..oo.o.@....#
...##..o######.#####.#
... #............# #.#
# ..###.#####.#.# #.#
.... .. ...#.# #.#
..... ########.#
#.##### ##... .#
#....<# ## ## #######


You could see an orc priest, an orc wizard (invisible) and an orc.

Vanquished Creatures
  Sigmund (D:3)
  The ghost of oXJerXo the Chopper, an amateur HOFi (D:3)
  A scorpion (D:4)
  A hound (D:4)
  2 orc priests
  3 worker ants
  A hound skeleton (D:2)
  7 adders
  3 worms
  3 dart slugs
  12 orcs
  2 ball pythons
  5 bats
  4 bat zombies (D:2)
  4 giant cockroaches
  8 goblins
  6 hobgoblins
  6 jackals
  9 kobolds
  A quokka (D:5)
  8 frilled lizards
  9 rats
97 creatures vanquished.

Vanquished Creatures (others)
  2 fungi (D:4)
2 creatures vanquished.

Grand Total: 99 creatures vanquished

Notes
Turn   | Place    | Note
-------+----------+-------------------------------------------
     0 | D:1      | prawnwizard the Spriggan Enchanter began the quest for the Orb.
     0 | D:1      | Reached XP level 1. HP: 9/9 MP: 5/5
   113 | D:1      | Reached XP level 2. HP: 7/13 MP: 7/7
   117 | D:1      | Learned a level 2 spell: Ensorcelled Hibernation
   936 | D:2      | Reached skill level 5 in Stealth
   936 | D:2      | Reached XP level 3. HP: 16/16 MP: 8/8
  1669 | D:2      | Reached XP level 4. HP: 15/21 MP: 10/10
  1914 | D:2      | Found an ancient bone altar of Kikubaaqudgha.
  2053 | D:2      | Learned a level 3 spell: Dazzling Spray
  2057 | D:2      | Learned a level 3 spell: Confuse
  2262 | D:3      | Noticed oXJerXo's ghost (amateur HOFi)
  2342 | D:3      | Reached skill level 5 in Hexes
  2589 | D:3      | Reached XP level 5. HP: 22/24 MP: 5/11
  2671 | D:3      | Noticed Sigmund
  2685 | D:3      | Killed Sigmund
  2685 | D:3      | Reached XP level 6. HP: 21/28 MP: 0/13
  3379 | D:4      | Found a blossoming altar of Fedhas.
  3393 | D:4      | Found a deep blue altar of Sif Muna.
  3420 | D:4      | Reached skill level 5 in Dodging
  3503 | D:4      | Found a shadowy altar of Dithmenos.
  3508 | D:4      | Became a worshipper of Dithmenos the Shadowed
  3677 | D:5      | Entered Level 5 of the Dungeon
  4028 | D:3      | Killed oXJerXo's ghost
  4028 | D:3      | Reached XP level 7. HP: 32/32 MP: 1/14
  4712 | D:5      | Killed from afar by an orc priest

Skill      XL: |  1  2  3  4  5  6 |
---------------+-------------------+-----
Spellcasting   | 3 4 |  4.4
Hexes          | 4 5 7 |  7.3
Stealth        | 5 6 7 |  7.5
Dodging        | 4 5 |  5.9
Short Blades   | |  1.1

Action                   |  1- 3 |  4- 6 |  7- 9 || total
-------------------------+-------+-------+-------++-------
Melee: Dagger            |   120 |   310 |    49 ||   479
       Hunting sling     |       |     3 |       ||     3
 Fire: Hunting sling     |       |    49 |       ||    49
 Cast: Ensorcelled Hiber |     8 |    27 |     4 ||    39
       Dazzling Spray    |       |     4 |       ||     4
       Confuse           |       |     3 |       ||     3
  Use: Scroll            |       |     9 |     1 ||    10
 Stab: Sleeping          |    13 |    22 |     2 ||    37
       Confused          |       |     2 |       ||     2
       Distracted        |       |       |     1 ||     1
  Eat: Ration            |       |     1 |     1 ||     2
Armor: Robe              |     8 |    35 |       ||    43
Dodge: Dodged            |   115 |   264 |    29 ||   408
Block: Buckler           |       |    95 |    14 ||   109
